 Dungeon Crawl Stone Soup version 0.30-a0-321-gf7783e6616 (webtiles) character file.

Game seed: 18316586627476473354

3925 Jorund the Merchant of Misery (level 10, -2/70 HPs)
             Began as a Demonspawn Necromancer on Oct 27, 2022.
             Was a Believer of Kikubaaqudgha.
             Slain by Joseph
             ... wielding a +0 quarterstaff
              (4 damage)
             ... on level 8 of the Dungeon.
             The game lasted 00:26:54 (8186 turns).

Jorund the Merchant of Misery (DsNe)                Turns: 8186, Time: 00:26:57

Health: -2/70      AC: 10    Str: 11    XL:     10   Next: 1%
Magic:  17/23      EV: 12    Int: 19    God:    Kikubaaqudgha [**....]
Gold:   393        SH:  0    Dex: 19    Spells: 13/27 levels left

rFire   . . .      SeeInvis .    c - +0 dagger
rCold   . . .      Faith    .    (no shield)
rNeg    . . .      Spirit   .    J - +0 steam dragon scales
rPois   +          Reflect  .    i - +0 helmet
rElec   .          Harm     .    t - scarf {repulsion}
rCorr   .          Rampage  .    A - +0 pair of gloves
Will    .....                    l - +0 pair of boots
Stlth   ++........               s - amulet of regeneration
HPRegen 1.11/turn                k - +6 ring of dexterity
MPRegen 0.18/turn                D - ring of poison resistance

@: mighty, slowed, repel missiles, very slow
A: claws 1, rugged brown scales 2, demonic guardian 2
a: Renounce Religion, Unearth Wretches


You were on level 8 of the Dungeon.
You worshipped Kikubaaqudgha.
Kikubaaqudgha was pleased with you.
You visited 2 branches of the dungeon, and saw 9 of its levels.

You collected 393 gold pieces.

Inventory:

Hand Weapons
 a - a +1 whip of flaming
 c - a +0 dagger (weapon)
Missiles
 j - 4 atropa-tipped darts
 q - 6 poisoned darts (quivered)
 E - 2 throwing nets
Armour
 i - a +0 helmet (worn)
 l - a +0 pair of boots (worn)
 t - a scarf of repulsion (worn)
 A - a +0 pair of gloves (worn)
 J - +0 steam dragon scales (worn)
Jewellery
 k - a +6 ring of dexterity (left hand)
 m - a +6 ring of strength
 s - an amulet of regeneration (around neck)
 D - a ring of poison resistance (right hand)
Wands
 y - a wand of polymorph (5)
 z - a wand of digging (6)
 H - a wand of flame (5)
Scrolls
 f - 2 scrolls of immolation {unknown}
 o - a scroll of enchant armour
 p - 2 scrolls of enchant weapon
 r - 3 scrolls of teleportation
 u - a scroll of fear
 v - a scroll of brand weapon {unknown}
 x - a scroll of blinking
 B - a scroll of magic mapping {unknown}
 C - a scroll of poison
 I - a scroll of identify
Potions
 b - 2 potions of magic
 e - 5 potions of haste
 n - a potion of cancellation
 G - a potion of might
 K - a potion of flight {unknown}


   Skills:
 + Level 1.7 Fighting
 + Level 2.1 Short Blades
 + Level 1.4 Throwing
 - Level 1.7 Dodging
 - Level 1.7 Stealth
 + Level 9.2 Spellcasting
 + Level 11.3 Necromancy
 + Level 0.1 Translocations
 + Level 2.0 Evocations


You had 13 spell levels left.
You knew the following spells:

 Your Spells              Type           Power      Damage    Failure   Level
a - Necrotise             Necr           100%       1d9       1%          1
b - Vampiric Draining     Necr           51%        2d9       1%          3
c - Blink                 Tloc           18%        N/A       12%         2
d - Animate Dead          Necr           51%        N/A       1%          4
e - Dispel Undead         Necr           51%        3d19      1%          4

Your spell library contained the following spells:

 Spells                   Type           Power      Damage    Failure   Level
 Kiss of Death            Conj/Necr      100%       2d13      1%          1
 Agony                    Necr           51%        N/A       1%          5
 Cigotuvi's Dreadful Rot  Necr/Pois/Air  46%        N/A       2%          2
 Momentum Strike          Conj/Tloc      18%        3d8       12%         2
 Poisonous Vapours        Pois/Air       16%        N/A       12%         2
 Death Channel            Necr           25%        N/A       12%         6
 Lesser Beckoning         Tloc           18%        N/A       22%         3
 Borgnjor's Vile Clutch   Necr/Erth      15%        N/A       22%         5
 Mephitic Cloud           Conj/Pois/Air  8%         N/A       24%         3
 Petrify                  Tmut/Erth      8%         N/A       63%         4
 Alistair's Intoxication  Tmut/Pois      5%         N/A       92%         5
 Metabolic Englaciation   Hex/Ice        4%         N/A       92%         5
 Eringya's Noxious Bog    Tmut/Pois      4%         N/A       100%        6
 Statue Form              Tmut/Erth      5%         N/A       100%        6


Dungeon Overview and Level Annotations

Branches:
Dungeon (8/15)             Temple (1/1) D:5
   Lair: D:8-11

Altars:
Ashenzari
Cheibriados
Fedhas
Gozag
Hepliaklqana
Kikubaaqudgha
Makhleb
Nemelex Xobeh
Okawaru
Qazlal
Sif Muna
Trog
Uskayaw
Vehumet
Wu Jian
Xom
Yredelemnul

Annotations:
D:8 Joseph


Innate Abilities, Weirdness & Mutations

You have sharp fingernails.
You are mostly covered in rugged brown scales. (AC +2, +5% HP)
A demonic guardian rushes to your aid.


Message History

You feel better.
Joseph hits you with a +0 quarterstaff! x2
* * * LOW HITPOINT WARNING * * *
Unknown command.
You hit Joseph.
Joseph is moderately wounded.
Joseph hits you with a +0 quarterstaff.
* * * LOW HITPOINT WARNING * * *
Unknown command.
Casting: Necrotise (safe; 1% risk of failure)
Confirm with . or Enter, or press ? or * to list all spells.
Aiming: Vampiric Draining (safe; 1% risk of failure)
Press: ? - help, Shift-Dir - straight line, f/p - Joseph
Aim: Joseph, wielding a +0 quarterstaff, wearing a +0 ring mail of cold resistance and quivering boomerangs (moderately wounded, covered in acid)
You draw life force from Joseph.
You feel life coursing into your body. Joseph hits you with a +0 quarterstaff!
* * * LOW HITPOINT WARNING * * *
A demonic guardian appears!
Unknown command.
Unknown command.
Casting: Vampiric Draining (safe; 1% risk of failure)
Confirm with . or Enter, or press ? or * to list all spells.
Aiming: Vampiric Draining (safe; 1% risk of failure)
Press: ? - help, Shift-Dir - straight line, f/p - Joseph
Aim: Joseph, wielding a +0 quarterstaff, wearing a +0 ring mail of cold resistance and quivering boomerangs (moderately wounded, covered in acid, ally target)
You draw life force from Joseph!
You feel life coursing into your body. Joseph hits you with a +0 quarterstaff!
* * * LOW HITPOINT WARNING * * *
Your hellwing misses Joseph.
Your hellwing barely misses Joseph.
Joseph barely misses you.
Unknown command.
Unknown command.
As you read the scroll of fear, it crumbles to dust.
You assume a fearsome visage.
Joseph looks frightened!
Your hellwing hits Joseph!
Your hellwing's attack snaps Joseph out of his fear.
Your hellwing hits Joseph. Joseph cries to your hellwing, "Mercy!"
Joseph hits you with a +0 quarterstaff.
You die...
Kikubaaqudgha rasps: "You have failed me!
Welcome... death!"

...######## ≈.........#
...######.# ....## ##.#
.....# #..# #########...
.###.###.## #.........^. ##
#.....# #..........#
#####.#########.........#
###.....)))@#.........#
#..)########@[........##
#.)~######..4..........#.c..
##.~≈≈...)..##..............#
#[.~≈#########.........##...#
#.~≈## #####.######...#
#####.~≈# ##.# #...#
......~.# #..# ##D§#
.####.≈.# #.## #§?###


You could see Joseph (fleeing, corroded, ally target) and a friendly hellwing
(summoned).

Vanquished Creatures
  Erica (D:8)
  Pikel (D:8)
  Sigmund (D:3)
  A shadow (D:6)
  2 steam dragons (D:8)
  An acid dragon (D:7)
  An orc warrior (D:8)
  2 ice beasts
  A black bear (D:6)
  2 ogres
  A centaur (D:6)
  A boggart (D:6)
  A lemure (D:8)
  A kobold brigand (D:8)
  A bullfrog (D:6)
  A gnoll sergeant (D:8)
  3 scorpions
  A necrophage (D:7)
  2 killer bees (D:7)
  Dowan (D:6)
  4 howler monkeys (D:7)
  A hound (D:6)
  An orc priest (D:6)
  A jelly (D:7)
  A gnoll bouda (D:6)
  3 iguanas
  An orc wizard (D:6)
  18 gnolls
  8 adders
  A shadow imp (D:6)
  3 ufetubi
  5 dart slugs
  10 orcs
  10 ball pythons
  13 endoplasms
  8 giant cockroaches
  7 hobgoblins
  10 jackals
  6 kobolds
  3 quokkas
  10 bats
  3 frilled lizards
  8 goblins
  13 rats
174 creatures vanquished.

Vanquished Creatures (collateral kills)
  3 killer bees (D:7)
  A gnoll bouda (D:6)
  A hound (D:5)
  A white imp (D:7)
  An ufetubus (D:4)
  A dart slug (D:4)
  An orc (D:8)
  A ball python (D:3)
  3 endoplasms
  A hobgoblin (D:1)
  A kobold (D:1)
  A frilled lizard (D:3)
16 creatures vanquished.

Vanquished Creatures (others)
  2 killer bee zombies (D:7)
  2 kobolds (D:8)
  5 kobold zombies (D:8)
  2 orc zombies (D:8)
11 creatures vanquished.

Grand Total: 201 creatures vanquished

Notes
Turn   | Place    | Note
-------+----------+-------------------------------------------
     0 | D:1      | Jorund the Demonspawn Necromancer began the quest for the
                  | Orb.
     0 | D:1      | Reached XP level 1. HP: 13/13 MP: 3/3
   161 | D:1      | Gained mutation: You are partially covered in rugged brown
                  | scales. (AC +1, +3% HP) [demonic ancestry]
   161 | D:1      | Reached XP level 2. HP: 13/19 MP: 1/5
   292 | D:1      | Reached skill level 5 in Necromancy
   401 | D:1      | Reached XP level 3. HP: 19/24 MP: 0/6
  1249 | D:2      | Found a stormy altar of Qazlal.
  1267 | D:2      | Gained mutation: A weak demonic guardian rushes to your
                  | aid. [demonic ancestry]
  1267 | D:2      | Reached XP level 4. HP: 21/30 MP: 0/8
  1442 | D:2      | Learned a level 3 spell: Vampiric Draining
  2225 | D:3      | Noticed Sigmund
  2348 | D:3      | Gained mutation: A demonic guardian rushes to your aid.
                  | [demonic ancestry]
  2348 | D:3      | Reached XP level 5. HP: 30/36 MP: 2/10
  2524 | D:3      | Reached skill level 6 in Necromancy
  2953 | D:3      | Killed Sigmund
  2954 | D:3      | Reached skill level 1 in Short Blades
  2954 | D:3      | Gained mutation: You are mostly covered in rugged brown
                  | scales. (AC +2, +5% HP) [demonic ancestry]
  2954 | D:3      | Reached XP level 6. HP: 23/44 MP: 9/12
  3375 | D:3      | Learned a level 2 spell: Blink
  3408 | D:4      | Identified the +1 robe "Touherac" {Regen+ Dex+7 Slay-5}
  4185 | D:5      | Entered Level 5 of the Dungeon
  4191 | D:5      | Reached skill level 7 in Necromancy
  4195 | D:5      | Reached XP level 7. HP: 45/49 MP: 5/14
  4359 | D:5      | You fall into a shaft and drop 1 floor!
  4382 | D:5      | Reached skill level 1 in Fighting
  4491 | D:5      | Found a shimmering altar of Xom.
  4530 | D:5      | Reached skill level 5 in Spellcasting
  4593 | D:5      | Found a staircase to the Ecumenical Temple.
  4811 | Temple   | Entered the Ecumenical Temple
  4818 | Temple   | Became a worshipper of Kikubaaqudgha
  4832 | D:5      | Learned a level 4 spell: Animate Dead
  4837 | D:5      | Learned a level 4 spell: Dispel Undead
  4857 | D:6      | Noticed a shadow
  4859 | D:6      | Killed a shadow
  5002 | D:6      | Reached skill level 8 in Necromancy
  5254 | D:6      | Reached XP level 8. HP: 56/56 MP: 7/17
  5487 | D:6      | Noticed Duvessa
  5487 | D:6      | Noticed Dowan
  5496 | D:6      | Duvessa changed into Duvessa the boggart
  5496 | D:6      | Noticed Duvessa
  5498 | D:6      | Killed Duvessa the boggart
  5499 | D:6      | Killed Dowan
  5997 | D:6      | Reached * piety under Kikubaaqudgha
  5997 | D:6      | Received a gift from Kikubaaqudgha
  5998 | D:6      | Reached skill level 9 in Necromancy
  6493 | D:6      | Found an ornate altar of the Wu Jian Council.
  6500 | D:6      | Found an iron altar of Okawaru.
  7111 | D:7      | Gained mutation: You have sharp fingernails. [demonic
                  | ancestry]
  7111 | D:7      | Reached XP level 9. HP: 47/61 MP: 0/20
  7124 | D:7      | Reached skill level 10 in Necromancy
  7565 | D:8      | Noticed Joseph
  8027 | D:8      | Reached skill level 1 in Evocations
  8033 | D:8      | Reached ** piety under Kikubaaqudgha
  8068 | D:8      | Noticed Pikel
  8097 | D:8      | Killed Pikel
  8098 | D:8      | Reached skill level 11 in Necromancy
  8108 | D:8      | Noticed Erica
  8135 | D:8      | Killed Erica
  8136 | D:8      | Reached skill level 1 in Throwing
  8145 | D:8      | Reached XP level 10. HP: 66/70 MP: 14/23
  8185 | D:8      | HP: 1/70 [Joseph/+0 quarterstaff (15)]
  8186 | D:8      | Slain by Joseph

Illustrated notes

Levels and vault maps discovered:
D:1:      dpeg_arrival_subterranean_lakeside_camping, layout_rooms,
          serial_forest, infiniplex_forest_lined_3,
          infiniplex_forest_lined_corner, infiniplex_forest_clump_C,
          infiniplex_forest_clump_double, infiniplex_forest_lined_2,
          infiniplex_forest_clump_C, infiniplex_forest_diagonal, st_stairs_9,
          hangedman_abyss_or_decor_lesser_grid, due_unseen_surprise
D:2:      layout_loops_ring, basic_altar, chequers_serial_rivers_micro_b,
          dk_noncrumbling_4
D:3:      minmay_angry_zag, layout_basic, lemuel_round_altar,
          chequers_serial_rivers_micro_e, st_stairs_14,
          kennysheep_decorative_pillar, minmay_joined_circles, uniq_sigmund
D:4:      layout_basic, item_on_display_a
D:5:      layout_cave_pools, kennysheep_mini, minmay_temple_entry_junction,
          sigmund_army
D:6:      layout_loops_corners, minmay_overflow_temple_star_quad,
          chequers_serial_rivers_small_3, serial_park_tiny_1,
          kb_lookout_dungeons_type, minmay_misc_feat_more_columns, uniq_duvessa
D:7:      layout_basic, chequers_garden
D:8:      layout_rooms, serial_rivers, chequers_serial_rivers_marsh,
          chequers_serial_rivers_micro_a, chequers_serial_rivers_small_a,
          chequers_serial_rivers_marsh, chequers_serial_rivers_micro_e,
          due_unseen_surprise, uniq_pikel, uniq_joseph, uniq_erica
Temple:   nicolae_temple_no_exploring_needed

Skill      XL: |  1  2  3  4  5  6  7  8  9 |
---------------+----------------------------+-----
Necromancy     | 5 6 7 8 9 11 | 11.3
Spellcasting   | 3 4 6 7 9 |  9.2
Short Blades   | 1 2 |  2.1
Fighting       | 1 |  1.7
Evocations     | 2 |  2.0
Throwing       | 1 |  1.4
Dodging        | |  1.7
Stealth        | |  1.7
Translocations | |  0.1

Action                   |  1- 3 |  4- 6 |  7- 9 | 10-12 || total
-------------------------+-------+-------+-------+-------++-------
Melee: Dagger            |    54 |    94 |    81 |     1 ||   230
       Unarmed           |     1 |       |       |       ||     1
       Punch             |       |     2 |     2 |       ||     4
Throw: Dart              |       |     6 |     9 |       ||    15
 Cast: Necrotise         |    55 |    95 |   186 |       ||   336
       Vampiric Draining |       |       |    21 |     2 ||    23
       Dispel Undead     |       |       |     3 |       ||     3
       Animate Dead      |       |       |     3 |       ||     3
       Blink             |       |       |     1 |       ||     1
Evoke: Wand              |       |     2 |    23 |       ||    25
  Use: Scroll            |       |     9 |     6 |     3 ||    18
       Potion            |       |     1 |     2 |     4 ||     7
 Stab: Sleeping          |     5 |     8 |     2 |       ||    15
       Distracted        |     1 |     1 |       |       ||     2
       Paralysed         |       |     1 |       |       ||     1
Armor: Robe              |    20 |    57 |    50 |       ||   127
       Skin              |       |       |     5 |       ||     5
       Steam dragon scal |       |       |     3 |       ||     3
Dodge: Dodged            |    58 |   116 |   110 |    10 ||   294
       Repelled          |       |       |     2 |       ||     2

Table legend: (Time is in decaauts)
 A = Elapsed time spent in this place.
 B = Non-inter-level travel time spent in this place.
 C = Inter-level travel time spent in this place.
 D = Time resting spent in this place.
 E = Time spent auto-exploring this place.
 F = Levels seen in this place.
 G = Mean time per level.
                   A        B        C        D        E       F      G
               +--------+--------+--------+--------+--------+-----+--------+
         Total |   8219 |   7926 |    293 |    648 |   5618 |   9 |  913.2 |
       Dungeon |   8205 |   7919 |    286 |    648 |   5618 |   8 | 1025.6 |
        Temple |     14 |      8 |      6 |      0 |      0 |   1 |   14.0 |
               +--------+--------+--------+--------+--------+-----+--------+

Top non-repeatable levels by time:
     D:6: 1742 daAuts
     D:3: 1243 daAuts
     D:2: 1113 daAuts
     D:1: 1019 daAuts
     D:7: 905 daAuts
     D:4: 807 daAuts
     D:5: 755 daAuts
     D:8: 619 daAuts
  Temple: 14 daAuts
